Map: Triton LE

Players

Mez

  • Race: Terran Terran
  • League: Master
  • Spawn Location: 5:00

ShenaniGans - Winner!

  • Race: Zerg Zerg
  • League: Diamond
  • Spawn Location: 11:00

VOD

Have the link to the VOD?

Description

Time

  • Played on: Aug. 28, 2019, 9:51 p.m.
  • Length: 14:34
Show
View Real Time Build Order
Export as new Build Order

Mez Terran 

Build Orders: Liberator Opening, Reaper Expand 

Get SALT Encoding   

  12  0:01  SCV  
  13  0:13  SCV  
  14  0:18  Supply Depot  
  14  0:25  SCV  
  15  0:39  SCV  
  15  0:40  Barracks  
  16  0:44  Refinery  
  16  0:51  SCV  
  17  1:03  SCV  
  18  1:15  SCV  
  19  1:28  Orbital Command, Reaper  
  20  1:41  Command Center  
  20  1:49  Supply Depot  
  21  1:54  SCV  
  21  1:59  Marine  
  22  2:08  SCV  
  23  2:13  Factory  
  23  2:16  Refinery  
  23  2:22  Barracks Reactor  
  23  2:33  SCV  
  24  2:45  SCV  
  25  2:55  Orbital Command  
  25  2:57  SCV  
  26  3:00  Starport  
  26  3:08  Barracks Tech Lab  
  26  3:09  Hellion  
  26  3:10  Hellion  
  30  3:14  SCV, Supply Depot  
  31  3:22  SCV  
  31  3:25  Liberator  
  31  3:26  SCV  
  33  3:28  Marine  
  33  3:34  SCV  
  35  3:35  Engineering Bay  
  35  3:38  SCV  
  35  3:43  Hellion  
  35  3:46  SCV  
  35  3:47  Marine  
  41  3:49  Stimpack  
  41  3:50  SCV  
  42  4:01  SCV  
  42  4:02  SCV  
  44  4:05  Hellion x2  
  44  4:07  Supply Depot  
  44  4:09  Marine  
  49  4:13  SCV  
  49  4:14  SCV  
  51  4:25  SCV  
  51  4:27  SCV  
  51  4:29  Command Center  
  53  4:33  Supply Depot  
  53  4:43  Marine  
  53  4:44  SCV, Factory Reactor  
  53  4:45  SCV  
  56  4:46  Barracks  
  56  4:48  Barracks  
  56  4:56  SCV  
  56  4:57  SCV  
  56  4:59  Engineering Bay  
  58  5:00  Engineering Bay  
  58  5:09  SCV x2  
  58  5:13  Starport Reactor  
  60  5:19  Refinery  
  60  5:20  Refinery  
  60  5:24  SCV x2  
  58  5:35  Terran Infantry Armor Level 1, Combat Shield, Terran Infantry Weapons Level 1  
  58  5:36  Barracks, SCV x2  
  58  5:37  Barracks  
  57  5:43  Orbital Command  
  57  5:52  Factory Tech Lab, SCV x2  
  57  5:53  Marine x3  
  57  5:54  Marine x2  
  57  5:56  Medivac  
  66  5:57  Medivac  
  68  6:04  SCV x2  
  68  6:06  Supply Depot  
  70  6:11  Marine  
  70  6:12  Orbital Command  
  70  6:16  SCV  
  72  6:20  Marine x4, Armory  
  72  6:22  Siege Tank  
  79  6:26  Medivac  
  79  6:27  Medivac  
  79  6:29  Marine  
  79  6:31  SCV x2  
  86  6:38  Marine x2  
  88  6:43  SCV x2  
  90  6:50  Marine x3  
  93  6:54  Supply Depot  
  93  6:57  Supply Depot  
  93  6:58  Supply Depot  
  93  7:03  Supply Depot  
  93  7:13  Barracks Reactor x2  
  93  7:16  Marine x4, Siege Tank, SCV  
  93  7:18  Marine, SCV x2  
  92  7:31  SCV  
  92  7:32  Terran Infantry Weapons Level 2  
  92  7:34  Marine x4  
  92  7:35  Terran Infantry Armor Level 2  
  92  7:37  SCV x2  
  99  7:38  Refinery  
  99  7:39  Supply Depot  
  99  7:40  Supply Depot  
  99  7:43  SCV  
  100  7:48  Marine, Siege Tank  
  100  7:50  Medivac x2  
  108  7:51  Marine  
  109  8:02  Factory, Terran Vehicle Weapons Level 1  
  109  8:06  Supply Depot  
  109  8:07  Supply Depot  
  109  8:09  Marine x4, Supply Depot  
  109  8:10  Marine x5, Supply Depot  
  118  8:13  Supply Depot  
  118  8:14  SCV x3  
  118  8:17  Refinery  
  120  8:26  Siege Tank, SCV  
  124  8:28  Marine x4  
  124  8:29  Marine x5  
  124  8:33  Medivac x2  
  137  8:39  Supply Depot  
  137  8:45  SCV x2  
  139  8:48  Command Center  
  139  8:52  Marine x8  
  139  8:53  Marine  
  144  9:10  Marine x2  
  146  9:17  Marine x7  
  146  9:21  Siege Tank  
  146  9:22  Factory Tech Lab  
  156  9:31  Marine x2  
  149  9:35  Marine x3, Barracks  
  149  9:37  Barracks  
  153  9:38  Barracks  
  153  9:46  Marine x4  
  153  9:47  Siege Tank  
  160  9:53  Siege Tank  
  160  9:58  Terran Infantry Armor Level 3, Terran Infantry Weapons Level 3  
  162  10:02  Marine x4  
  165  10:09  Marine  
  165  10:10  Marine x4  
  170  10:19  Marine  
  167  10:26  Marine  
  167  10:27  Marine x3  
  157  10:29  Barracks Tech Lab x2  
  157  10:30  Barracks Tech Lab  
  153  10:43  Marine x3  
  154  10:51  Marine x7  
  154  10:52  Marauder x2  
  164  11:09  Marauder  
  164  11:10  Marine, Marauder  
  140  11:18  Siege Tank x2  
  118  11:26  Marine  
  118  11:27  Marine x8  
  118  11:28  Marine  
  118  11:31  Marauder  
  118  11:32  Marauder  
  132  11:45  Liberator x2, Marauder x2  
  128  11:50  Siege Tank x2  
  128  11:52  Starport  
  128  11:53  Starport  
  133  11:57  Marine  
  133  11:58  Marine x7, Marauder x2  
  133  12:00  Concussive Shells  
  145  12:06  Marauder x2  
  155  12:15  Marine x2  
  155  12:16  Marine  
  157  12:26  Marine  
  157  12:27  Marauder x2  
  131  12:31  Planetary Fortress  
  131  12:36  Marine x7, Marauder x2  
  119  12:41  Siege Tank x2  
  111  12:44  Marine  
  111  12:45  Medivac x3  
  111  12:48  Marine, Marauder  
  116  12:54  Marine x5  
  116  12:57  Marauder  
  116  12:58  Marauder  
  113  13:06  SCV x2, Orbital Command  
  115  13:13  Liberator x2  
  115  13:18  SCV x2  
  117  13:22  Supply Depot  
  117  13:30  SCV  
  117  13:31  Starport Reactor  
  117  13:32  Starport Tech Lab  
  117  13:33  SCV x3  
  127  13:42  SCV  
  127  13:45  Sensor Tower  
  127  13:46  SCV x2  
  127  13:47  Sensor Tower  
  130  13:58  Marine, Marauder x3  
  130  13:59  Marauder  
  119  14:15  Marine  
Show
View Real Time Build Order
Export as new Build Order

ShenaniGans Zerg - Winner!

Build Orders: Hatch First 

Get SALT Encoding   

  12  0:00  Drone  
  13  0:12  Overlord  
  13  0:19  Drone  
  14  0:30  Drone x2  
  16  0:49  Hatchery  
  15  0:52  Drone  
  15  0:55  Drone  
  17  0:59  Drone  
  18  1:09  Extractor  
  17  1:14  Spawning Pool  
  17  1:17  Drone  
  17  1:22  Drone  
  18  1:28  Drone  
  19  1:39  Drone  
  20  1:50  Overlord  
  20  2:01  Queen x2  
  20  2:02  Zergling x4  
  26  2:11  Drone  
  26  2:15  Metabolic Boost  
  27  2:16  Drone  
  27  2:21  Overlord  
  28  2:24  Drone  
  29  2:37  Drone x2  
  29  2:42  Queen  
  29  2:43  Queen  
  34  2:47  Drone  
  34  2:48  Drone  
  36  2:53  Overlord  
  36  3:03  Drone  
  37  3:06  Drone x2  
  39  3:16  Drone x2  
  39  3:17  Drone x2  
  39  3:19  Roach Warren  
  42  3:22  Extractor  
  42  3:23  Extractor  
  40  3:27  Drone x2  
  42  3:44  Drone x2  
  44  3:49  Drone x2  
  44  3:50  Evolution Chamber  
  44  3:52  Hatchery  
  44  3:53  Drone  
  44  3:54  Drone x2  
  44  3:55  Drone x2  
  49  4:03  Overlord  
  49  4:08  Lair  
  49  4:11  Drone x2  
  51  4:18  Zerg Missile Weapons Level 1  
  51  4:23  Extractor  
  51  4:24  Spore Crawler  
  49  4:25  Spore Crawler, Drone  
  49  4:26  Drone  
  50  4:36  Roach x4  
  58  4:44  Drone  
  59  4:54  Overlord x2  
  59  5:03  Drone  
  59  5:04  Drone  
  59  5:05  Drone x5  
  65  5:07  Drone  
  65  5:09  Drone x2  
  65  5:12  Drone  
  66  5:15  Overlord  
  66  5:16  Drone  
  66  5:19  Drone  
  68  5:47  Glial Reconstitution  
  68  5:50  Drone  
  68  5:51  Baneling Nest, Queen, Drone x3  
  68  5:53  Evolution Chamber  
  68  5:54  Drone x4  
  68  5:55  Overlord, Drone x3  
  79  6:14  Zerg Ground Armor Level 1  
  79  6:16  Roach x6  
  79  6:17  Overlord x2  
  91  6:19  Drone x3  
  91  6:20  Ravager, Extractor  
  91  6:21  Ravager x2  
  91  6:22  Ravager  
  97  6:26  Zerg Melee Weapons Level 1  
  97  6:36  Overlord, Drone x3  
  97  6:38  Zergling x10, Extractor  
  104  6:52  Zergling x12  
  104  6:53  Centrifical Hooks  
  110  6:54  Overlord  
  110  6:59  Baneling x5  
  110  7:03  Hatchery  
  110  7:04  Zergling x4  
  111  7:09  Zergling x12  
  111  7:10  Overlord  
  117  7:16  Zergling x4  
  115  7:25  Zergling x10  
  120  7:34  Roach x2  
  120  7:35  Infestation Pit, Overlord  
  123  7:37  Ravager  
  123  7:38  Ravager x5  
  123  7:42  Drone  
  123  7:43  Drone x5  
  135  7:46  Overlord  
  133  7:51  Queen  
  135  7:59  Hatchery  
  134  8:19  Roach x13  
  160  8:24  Overlord  
  160  8:26  Overlord x2  
  160  8:27  Hive  
  160  8:28  Zerg Ground Armor Level 2  
  160  8:30  Zerg Melee Weapons Level 2  
  160  8:44  Zergling x10  
  165  8:52  Spore Crawler  
  164  9:00  Zergling x28  
  178  9:03  Overlord  
  175  9:18  Spore Crawler  
  175  9:19  Spore Crawler  
  175  9:21  Zergling x16  
  180  9:37  Spore Crawler  
  170  10:02  Adrenal Glands  
  170  10:04  Ultralisk Cavern  
  151  10:10  Zergling x50  
  169  10:33  Hydralisk Den  
  169  10:34  Zergling x22  
  179  10:43  Overlord, Roach x2  
  179  10:45  Zerg Ground Armor Level 3  
  179  10:47  Zerg Melee Weapons Level 3  
  179  10:52  Baneling x3  
  179  10:53  Baneling x4  
  179  10:54  Baneling x4  
  179  10:55  Baneling x4  
  179  10:56  Ultralisk, Baneling  
  185  11:01  Zergling x24  
  196  11:04  Overlord x2  
  157  11:15  Zergling x6  
  157  11:18  Zergling x8  
  154  11:20  Ultralisk  
  159  11:28  Spire  
  159  11:30  Ultralisk x2  
  170  11:33  Queen  
  170  11:36  Zergling x6, Chitinous Plating  
  170  11:52  Baneling  
  170  11:53  Baneling x4  
  170  11:54  Baneling x4  
  170  11:55  Zergling x38  
  170  11:59  Queen x3  
  170  12:01  Queen  
  197  12:12  Zergling x4  
  162  12:32  Zergling x40  
  175  12:44  Zergling x10  
  137  13:01  Zergling x10  
  123  13:08  Anabolic Synthesis  
  123  13:12  Ultralisk x4  
  147  13:16  Hydralisk  
  149  13:33  Zergling x24  
  161  13:36  Baneling  
  161  13:37  Baneling x11  
  161  13:38  Baneling  
  161  13:39  Baneling  
  161  13:49  Baneling x6  
  161  13:50  Zergling x12  
  141  14:16  Zergling x30  
Tags
 
Add a new tag
Caveats
  • Supply blocks, unpowered buildings, or Contaminate may cause inaccurate times.
  • Supply counts are checked every 10 seconds.